 Dungeon Crawl Stone Soup version 0.22-a0-161-g198051cff3 (webtiles) character file.

384092 RedPan the Gnoll Aeon (level 22, -6/175 HPs)
             Began as a Gnoll Skald on Feb 11, 2018.
             Was the Champion of Cheibriados.
             Killed from afar by a spellforged servitor (31 damage)
             ... with a bolt of cold
             ... summoned by Frederick
             ... on level 4 of the Vaults.
             The game lasted 04:06:29 (40659 turns).

RedPan the Gnoll Aeon (Gnoll Skald)                Turns: 40659, Time: 04:06:31

Health: -6/175     AC: 35    Str: 31    XL:     22   Next: 95%
Magic:  8/41       EV: 23    Int: 43    God:    Cheibriados [******]
Gold:   2971       SH: 13    Dex: 30    Spells: 25/51 levels left

rFire    + . .     SeeInvis +   q - +6 demon trident (vamp)
rCold    . . .     Gourm    .   g - +3 warlock's mirror {reflect}
rNeg     . . .     Faith    .   S - +10 plate armour of Autumn {Int+7 Stlth+}
rPois    .         Spirit   .   M - +1 helmet
rElec    .         Reflect  +   A - +2 cloak
rCorr    .         Harm     .   K - +1 pair of gloves {archery}
MR       +....                  U - +2 pair of boots
Stlth    +++.......             n - amulet of magic regeneration
HPRegen  1.39/turn              h - ring of protection from fire
MPRegen  0.52/turn              w - ring of see invisible

@: about to teleport, corroded, very slightly contaminated, regenerating, very
slow
A: distributed training, fangs 1, clumsy 1, deterioration 1, strong nose
}: 2/15 runes: decaying, serpentine
a: Bend Time, Temporal Distortion, Slouch, Step From Time, Renounce Religion


You were on level 4 of the Vaults.
You worshipped Cheibriados.
Cheibriados was exalted by your worship.
You were not hungry.

You visited 9 branches of the dungeon, and saw 41 of its levels.

You collected 4804 gold pieces.
You spent 1833 gold pieces at shops.

Inventory:

Hand Weapons
 q - a +6 vampiric demon trident (weapon)
 H - the +4 arc blade {discharge, rElec}
   (You took it off Nikola on level 2 of the Depths)

   It insulates you from electricity.
Armour
 g - the +3 warlock's mirror (worn) {reflect}
   (You acquired it on level 2 of the Lair of Beasts)
 A - a +2 cloak (worn)
 K - a +1 pair of gloves of archery (worn)
 M - a +1 helmet (worn)
 S - the +10 plate armour of Autumn (worn) {Int+7 Stlth+}
   (You found it on level 3 of the Elven Halls)

   It affects your intelligence (+7).
   It makes you more stealthy.
 U - a +2 pair of boots (worn)
Jewellery
 h - a ring of protection from fire (left hand)
 m - an uncursed ring of poison resistance
 n - an amulet of magic regeneration (around neck)
 r - an uncursed ring of protection from magic
 s - an uncursed ring of protection from cold
 w - a ring of see invisible (right hand)
 P - an uncursed ring of positive energy
 T - the amulet of Vitality {Regen+ HP+15}
   (You took it off a spriggan berserker on level 2 of the Depths)

   [amulet of regeneration]

   It affects your health (+15).
   It increases your rate of regeneration.
 W - the amulet of Rucy {RegenMP rC+ Str+5, unknown}
   (You found it on level 1 of the Vaults)

   [amulet of magic regeneration]

   It increases your magic regeneration.
   It affects your strength (+5).
   It protects you from cold.
 X - a cursed -3 ring of evasion
 Z - an uncursed amulet of the gourmand
Wands
 u - a wand of acid (12)
 v - a wand of disintegration (24)
 y - a wand of clouds (12)
 B - a wand of digging (41)
 J - a wand of iceblast (30)
 N - a wand of flame (25)
Scrolls
 a - a scroll of fear
 c - 3 scrolls of magic mapping
 f - 19 scrolls of remove curse
 j - 16 scrolls of identify
 k - 10 scrolls of teleportation
 l - 5 scrolls of blinking
 D - a scroll of fog
 G - 4 scrolls of enchant armour
 R - a scroll of brand weapon
 V - 2 scrolls of amnesia
Potions
 i - 5 potions of cancellation
 o - 16 potions of curing
 p - a potion of agility
 x - a potion of invisibility
 z - 7 potions of flight
 F - 5 potions of magic
 I - 4 potions of brilliance
 L - a potion of might
 O - a potion of resistance
Books
 C - Myub's Grimoire of Somewhere Else
   (You found it on level 2 of the Depths)

   Spells                             Type                      Level
   a - Infusion                       Charms                       1
   b - Swiftness                      Charms/Air                   2
   c - Ensorcelled Hibernation        Hexes/Ice                    2
   d - Summon Ice Beast               Ice/Summoning                4
   e - Excruciating Wounds            Charms/Necromancy            5
   f - Simulacrum                     Ice/Necromancy               6
Miscellaneous
 b - a phial of floods
 e - a lightning rod (4/4)
 t - a phantom mirror
 E - a crystal ball of energy
Comestibles
 d - 61 rations
 Y - 28 chunks of flesh


   Skills:
 + Level 15.2 Fighting
 + Level 14.6 Short Blades
 + Level 15.2 Long Blades
 + Level 14.6 Axes
 + Level 14.6 Maces & Flails
 + Level 14.6 Polearms
 + Level 14.6 Staves
 + Level 14.6 Slings
 + Level 14.6 Bows
 + Level 14.6 Crossbows
 + Level 14.6 Throwing
 + Level 14.8 Armour
 + Level 15.2 Dodging
 + Level 14.6 Stealth
 + Level 14.6 Shields
 + Level 14.6 Unarmed Combat
 + Level 15.3 Spellcasting
 + Level 12.6 Conjurations
 + Level 12.6 Hexes
 + Level 13.5 Charms
 + Level 12.6 Summonings
 + Level 12.6 Necromancy
 + Level 12.6 Translocations
 + Level 12.6 Transmutations
 + Level 12.6 Fire Magic
 + Level 12.6 Ice Magic
 + Level 12.6 Air Magic
 + Level 12.6 Earth Magic
 + Level 12.6 Poison Magic
 + Level 15.8 Invocations
 + Level 14.6 Evocations


You had 25 spell levels left.
You knew the following spells:

 Your Spells              Type           Power        Failure   Level  Hunger
a - Infusion              Chrm           ####         0%          1    None
b - Shroud of Golubria    Chrm/Tloc      #######...   1%          2    None
c - Regeneration          Chrm/Necr      #######...   1%          3    None
d - Spectral Weapon       Hex/Chrm       #######.     1%          3    None
e - Deflect Missiles      Chrm/Air       #######...   3%          6    None
f - Silence               Hex/Air        #######...   1%          5    None
g - Shadow Creatures      Summ           N/A          3%          6    None


Dungeon Overview and Level Annotations

Branches:
Dungeon (15/15)            Temple (1/1) D:4            Lair (6/6) D:10
  Swamp (4/4) Lair:2        Snake (4/4) Lair:2        Slime (0/5) Lair:6
    Orc (2/2) D:11            Elf (3/3) Orc:2        Vaults (4/5) D:14
  Crypt (0/3) Vaults:2     Depths (2/5) D:15

Altars:
Ashenzari
Cheibriados
Dithmenos
Elyvilon
Fedhas
Gozag
Hepliaklqana
Kikubaaqudgha
Makhleb
Nemelex Xobeh
Okawaru
Qazlal
Ru
Sif Muna
Trog
Uskayaw
Vehumet
Wu Jian
Xom
Yredelemnul
Zin
The Shining One
Jiyva

Shops:
D:4 *?   D:5 (   D:9 }   D:13 !   D:15 }   Orc:2 (=[[   Elf:1 [   Snake:1 }}=
Snake:2 !   Vaults:4 *

Portals:
Hell: Depths:1 Depths:2
Abyss: Depths:1
Pandemonium: Depths:1

Annotations:
D:9 exclusion: electric eel
Vaults:4 Frederick
Abyss:1 Louise


Innate Abilities, Weirdness & Mutations

Your experience applies equally to all skills.
You have very sharp teeth.
Your uncanny sense of smell can sniff out nearby items.
You are clumsy. (Dex -2)
Your body sometimes deteriorates upon taking damage.


Message History

Your spectral weapon hits the ironbrand convoker from afar!
The yaktaur captain wields an arbalest.
The yaktaur captain shoots a bolt.
You reflect the bolt off your +3 warlock's mirror {reflect}!
The bolt hits Frederick!!!
Your deep elf mage closely misses the ironbrand convoker.
The spellforged servitor casts a spell at you.
The iron shot hits you!
* * * LOW HITPOINT WARNING * * *
You feel much better.
Frederick hits you from afar with an enchanted halberd!!
* * * LOW HITPOINT WARNING * * *
The ironbrand convoker begins to recite a word of recall!
Your deep elf mage hits the ironbrand convoker but does no damage.
You feel much better.
The yaktaur captain shoots a bolt.
The bolt hits you!
* * * LOW HITPOINT WARNING * * *
Your deep elf mage hits the ironbrand convoker but does no damage.
Frederick closely misses you.
The spellforged servitor gestures at you while chanting.
The bolt of cold hits you!
You die...

#).# #.)# #).# ###
########..# # ##..###
..........# ... #.....#
.#..........#
....##.##.###.###.#####..#
........8pe.#....... #..#
.Q.....@)@(.#....... #..#
..p..c..)...#......> #..#
##########..#....... #..#
#........#..#....... #..'
#........#..|)...... #..#
#........#..#....... #..#
#....)^..#..#....... #..#
#...........##.#....###..#
#........#...............#


You could see Frederick, a vault warden, a spellforged servitor, a yaktaur
captain, an ironbrand convoker, a friendly deep elf mage and a friendly spectral
vampiric demon trident.

Vanquished Creatures
  Mara (Swamp:4)
  Sojobo (Vaults:4)
  Saint Roka (Snake:3)
  Nikola (Depths:2)
  Jorgrun (Vaults:4)
  3 deep elf blademasters
  Rupert (Lair:4)
  Asterion (Snake:4)
  A deep elf master archer (Elf:3)
  3 liches (Depths:2)
  Kirke (Swamp:1)
  2 tengu reavers (Vaults:4)
  A sphinx (Vaults:4)
  A storm dragon (shapeshifter) (D:13)
  A thorn hunter (Swamp:4)
  10 nagarajas
  Donald (Swamp:1)
  6 deep elf sorcerers (Elf:3)
  2 vault wardens (Vaults:1)
  An orc warlord (Orc:2)
  3 fire giants
  4 frost giants
  A deep elf elementalist (Elf:1)
  Aizul (Snake:2)
  5 stone giants
  10 very ugly things
  4 ironheart preservers (Vaults:1)
  A war gargoyle (Vaults:1)
  An entropy weaver (Vaults:2)
  A minotaur (shapeshifter) (Depths:2)
  A green draconian (Swamp:2)
  4 deep elf demonologists
  9 deep elf annihilators
  A dire elephant (shapeshifter) (Depths:2)
  3 spark wasps (Depths:1)
  3 fire dragons
  3 ettins
  4 deep elf death magi
  3 deep elf high priests (Elf:3)
  4 yaktaur captains
  4 ice dragons
  7 great orbs of eyes
  12 naga warriors
  15 hydras
  A hell beast (Depths:1)
  3 rakshasas
  10 anacondas
  A ghost crab (Swamp:4)
  A catoblepas (D:15)
  6 centaur warriors
  5 alligators
  4 vault guards (Vaults:1)
  A two-headed ogre (shapeshifter) (D:14)
  3 death knights
  14 ogre magi
  A vampire mage (Depths:2)
  48 two-headed ogres
  The ghost of Liquorice the Lord of Darkness, a journeyman VSNe of Kikubaaqudgha (D:11)
  14 naga sharpshooters
  3 deep troll shamans
  3 death yaks (D:10)
  A tengu warrior (D:13)
  19 dancing weapons
  2 soul eaters (Depths:1)
  2 spriggan berserkers (Depths:2)
  8 shock serpents
  28 deep elf knights
  A sun demon (Depths:1)
  Sonja (Lair:4)
  3 salamander mystics
  A shadow wraith (Vaults:2)
  3 sea snakes (Snake:3)
  5 unseen horrors
  8 skeletal warriors
  4 deep trolls
  A sea snake (shapeshifter) (Depths:1)
  2 spriggan druids
  2 shambling mangroves
  9 naga ritualists
  2 glowing orange brains
  3 flayed ghosts
  9 swamp dragons
  15 deep elf archers
  3 lindwurms (Swamp:4)
  A large abomination (Elf:2)
  An obsidian statue (Depths:1)
  8 wizards
  8 orc knights
  2 harpies (shapeshifter) (Vaults:1)
  5 ironbrand convokers
  4 mana vipers
  A harpy (Vaults:3)
  3 orc sorcerers
  58 deep elf magi
  8 cyclopes
  A manticore (D:15)
  4 wolf spiders
  28 ugly things
  13 naga magi
  12 salamanders
  Joseph (D:7)
  7 vault sentinels
  31 black mambas
  2 rust devils (Depths:1)
  7 guardian serpents
  2 gargoyles
  14 spiny frogs
  An orange demon (Depths:1)
  19 yaktaurs
  7 komodo dragons
  5 kobold demonologists
  A rime drake (shapeshifter) (Depths:1)
  2 freezing wraiths (D:13)
  2 ice devils (Depths:1)
  2 rime drakes
  3 tengu conjurers
  A queen bee (shapeshifter) (Vaults:3)
  A jumping spider (shapeshifter) (D:14)
  6 trolls
  3 polar bears
  4 tyrant leeches
  20 slime creatures
  13 hornets
  5 blink frogs (Lair:2)
  8 dream sheep
  8 bog bodies
  A tarantella (shapeshifter) (Vaults:3)
  12 hippogriffs
  4 air elementals
  2 tarantellas (Vaults:2)
  4 wyverns
  21 spriggans
  A wraith (D:13)
  28 yaks
  4 water elementals
  4 fire elementals
  5 shadows
  6 steam dragons
  3 basilisks
  4 hungry ghosts
  17 vampire mosquitoes
  Menkaure (D:4)
  4 wargs
  23 swamp worms
  59 nagas
  17 water moccasins
  6 insubstantial wisps
  An acid dragon (Vaults:2)
  12 swamp drakes
  28 orc warriors
  6 porcupines
  9 ice beasts
  3 sky beasts
  A meliai simulacrum (D:13)
  A hornet zombie (D:15)
  7 black bears
  2 eyes of draining (shapeshifter) (D:14)
  4 necrophages
  57 ogres
  3 phantoms
  23 boggarts
  25 wolves
  6 centaurs
  9 crocodiles
  5 big kobolds
  11 bullfrogs
  3 earth elementals (Elf:1)
  A wyvern zombie (D:13)
  3 scorpions
  9 killer bees
  12 wights
  8 electric eels
  2 howler monkeys
  A quasit (D:7)
  9 crimson imps
  2 centaur zombies
  3 bullfrog zombies
  4 bullfrog skeletons
  4 hounds
  4 jellies
  3 centaur skeletons
  14 orc priests
  A wyvern simulacrum (D:13)
  3 iron imps (Depths:1)
  Jessica (D:3)
  2 iguanas
  Terence (D:3)
  21 orc wizards
  7 worker ants
  7 gnolls
  A worker ant zombie (D:7)
  12 adders
  5 shadow imps
  15 white imps
  An ufetubus (D:13)
  An ooze (D:1)
  2 adder skeletons
  A worm (D:4)
  5 dart slugs
  5 leopard geckos
  94 orcs
  11 giant cockroaches
  7 goblins
  4 hobgoblins
  10 jackals
  4 quokkas
  A ball python (D:1)
  A ball python skeleton (D:5)
  5 bats
  7 frilled lizards
  19 kobolds
  A quokka skeleton (D:5)
  2 quokka zombies
  7 rats
  A crawling corpse (Elf:3)
  A plant (Snake:1)
  5 spectral weapons
1519 creatures vanquished.

Vanquished Creatures (collateral kills)
  A caustic shrike (Depths:2)
  A golden dragon (Depths:2)
  2 nagarajas (Snake:4)
  A frost giant (Depths:2)
  3 ironheart preservers
  4 very ugly things
  A green draconian (Swamp:2)
  A deep elf annihilator (Vaults:1)
  An ettin (Depths:2)
  A deep elf death mage (Elf:3)
  3 fire dragons
  A naga warrior (Snake:4)
  A vault guard (Vaults:1)
  A ghost crab (Swamp:1)
  7 hydras
  A rakshasa (Depths:2)
  A centaur warrior (Vaults:1)
  2 alligators (Swamp:2)
  3 deep troll earth magi
  2 dancing weapons (Elf:2)
  2 naga sharpshooters (Snake:4)
  A deep elf knight (Elf:2)
  A sun demon (Depths:1)
  2 salamander mystics (Snake:4)
  3 skeletal warriors (Vaults:2)
  A deep troll (Depths:2)
  A swamp dragon (Swamp:2)
  4 deep elf archers
  A naga ritualist (Snake:4)
  2 ironbrand convokers (Vaults:1)
  5 deep elf magi (Elf:2)
  3 orc knights
  A wizard (Vaults:1)
  3 ugly things
  A cyclops (Vaults:1)
  A vault sentinel (Vaults:3)
  5 naga magi (Snake:4)
  A guardian serpent (Snake:4)
  3 spiny frogs
  A tyrant leech (Swamp:4)
  3 hornets
  5 slime creatures
  A redback (Vaults:2)
  3 vampire mosquitoes (Swamp:2)
  A steam dragon (Swamp:4)
  7 nagas (Snake:4)
  A warg (Vaults:1)
  A swamp drake (Swamp:3)
  An ogre (Vaults:4)
  A wolf (Lair:6)
  3 crimson imps (Depths:1)
  2 orc wizards (Vaults:2)
  An iron imp (Depths:1)
  2 shadow imps (Depths:1)
  3 white imps (Depths:1)
  3 orcs
118 creatures vanquished.

Vanquished Creatures (others)
  Bai Suzhen (Swamp:4)
  A deep elf master archer (Elf:3)
  2 yaktaur captains
  A deep elf high priest (Elf:3)
  An anaconda (Snake:3)
  A two-headed ogre (Vaults:4)
  A naga sharpshooter (Snake:4)
  A deep elf knight (Elf:1)
  7 ball lightnings
  A spiny frog (Swamp:1)
  3 yaktaurs
  2 hogs (Swamp:1)
  3 humans (Swamp:1)
  A swamp worm (Swamp:1)
  A swamp drake (Swamp:4)
  2 boggarts (Vaults:1)
  A crocodile (D:13)
  2 orcs
  A kobold (D:15)
  A crawling corpse (Elf:3)
  5 fungi (Lair:6)
  4 plants (Lair:6)
  62 spectral weapons
105 creatures vanquished.

Grand Total: 1742 creatures vanquished

Notes
Turn   | Place    | Note
-------+----------+-------------------------------------------
     0 | D:1      | RedPan the Gnoll Skald began the quest for the Orb.
     0 | D:1      | Reached XP level 1. HP: 20/20 MP: 6/6
   152 | D:1      | Reached XP level 2. HP: 26/26 MP: 7/7
   265 | D:1      | Reached XP level 3. HP: 25/31 MP: 9/9
   267 | D:1      | Reached skill level 5 in Spellcasting
   755 | D:2      | Reached skill level 1 in Invocations
   759 | D:2      | Learned a level 2 spell: Shroud of Golubria
   763 | D:2      | Learned a level 3 spell: Regeneration
   767 | D:2      | Learned a level 3 spell: Spectral Weapon
  1116 | D:2      | Found a shimmering altar of Xom.
  1119 | D:2      | Found an iron altar of Okawaru.
  1277 | D:2      | Reached skill level 1 in Short Blades
  1277 | D:2      | Reached skill level 1 in Axes
  1277 | D:2      | Reached skill level 1 in Maces & Flails
  1277 | D:2      | Reached skill level 1 in Polearms
  1277 | D:2      | Reached skill level 1 in Staves
  1277 | D:2      | Reached skill level 1 in Slings
  1277 | D:2      | Reached skill level 1 in Bows
  1277 | D:2      | Reached skill level 1 in Crossbows
  1277 | D:2      | Reached skill level 1 in Throwing
  1277 | D:2      | Reached skill level 1 in Stealth
  1277 | D:2      | Reached skill level 1 in Shields
  1277 | D:2      | Reached skill level 1 in Unarmed Combat
  1277 | D:2      | Reached skill level 1 in Evocations
  1277 | D:2      | Reached XP level 4. HP: 35/38 MP: 6/11
  1802 | D:2      | Reached skill level 1 in Conjurations
  1802 | D:2      | Reached skill level 1 in Hexes
  1802 | D:2      | Reached skill level 1 in Summonings
  1802 | D:2      | Reached skill level 1 in Necromancy
  1802 | D:2      | Reached skill level 1 in Translocations
  1802 | D:2      | Reached skill level 1 in Transmutations
  1802 | D:2      | Reached skill level 1 in Fire Magic
  1802 | D:2      | Reached skill level 1 in Ice Magic
  1802 | D:2      | Reached skill level 1 in Air Magic
  1802 | D:2      | Reached skill level 1 in Earth Magic
  1802 | D:2      | Reached skill level 1 in Poison Magic
  1856 | D:2      | Reached XP level 5. HP: 26/43 MP: 1/12
  2801 | D:3      | Found a faded altar of an unknown god.
  2931 | D:3      | Noticed Terence
  2943 | D:3      | Killed Terence
  2943 | D:3      | Reached XP level 6. HP: 40/50 MP: 7/13
  3152 | D:3      | Noticed Jessica
  3159 | D:3      | Killed Jessica
  3300 | D:4      | Reached skill level 5 in Fighting
  3300 | D:4      | Reached skill level 5 in Long Blades
  3300 | D:4      | Reached skill level 5 in Dodging
  3447 | D:4      | Reached XP level 7. HP: 55/56 MP: 15/15
  3587 | D:4      | Found a glowing silver altar of Zin.
  3671 | D:4      | Found a staircase to the Ecumenical Temple.
  3694 | Temple   | Entered the Ecumenical Temple
  3917 | Temple   | Became a worshipper of Cheibriados the Contemplative
  4153 | D:4      | Found Mirghoq's Magic Scroll Shop.
  4160 | D:4      | Bought a scroll of identify for 26 gold pieces
  4160 | D:4      | Bought a scroll of teleportation for 39 gold pieces
  4160 | D:4      | Bought a scroll of remove curse for 39 gold pieces
  4160 | D:4      | Bought a scroll of identify for 26 gold pieces
  4160 | D:4      | Bought a scroll of identify for 26 gold pieces
  4187 | D:4      | Found Refeko's Assorted Antiques.
  4200 | D:4      | Noticed Menkaure
  4209 | D:4      | HP: 1/56 [Menkaure/nerve-wracking pain (12)]
  4214 | D:4      | Killed Menkaure
  4510 | D:4      | Found Aceus's Antique Armour Emporium.
  4705 | D:5      | Entered Level 5 of the Dungeon
  4767 | D:5      | Found a blossoming altar of Fedhas.
  4847 | D:5      | Found Fowiseip's Antique Weapon Shop.
  4920 | D:5      | Reached XP level 8. HP: 63/63 MP: 16/16
  5011 | D:5      | Reached * piety under Cheibriados
  5981 | D:7      | Got a dazzling great mace
  5984 | D:7      | Identified the cursed +0 great mace "Jacorocw" {vamp, rElec rF+ Dex+2} (You found it on level 7 of the Dungeon)
  6042 | D:7      | Reached ** piety under Cheibriados
  6226 | D:7      | Found a hazy altar of Hepliaklqana.
  6312 | D:7      | Reached XP level 9. HP: 69/69 MP: 15/18
  6354 | D:7      | Noticed a hornet
  6359 | D:7      | Killed a hornet
  6606 | D:7      | Noticed Joseph
  6614 | D:7      | Killed Joseph
  6614 | D:7      | Reached skill level 5 in Armour
  6712 | D:7      | Found an ornate altar of the Wu Jian Council.
  6719 | D:7      | Found a shimmering altar of Xom.
  6719 | D:7      | Found a shimmering altar of Xom.
  6721 | D:7      | Found a white marble altar of Elyvilon.
  6721 | D:7      | Found a sparkling altar of Nemelex Xobeh.
  6721 | D:7      | Found a hazy altar of Hepliaklqana.
  7036 | D:8      | Reached *** piety under Cheibriados
  7080 | D:8      | Reached skill level 5 in Invocations
  7140 | D:8      | Noticed a two-headed ogre
  7147 | D:8      | Killed a two-headed ogre
  7147 | D:8      | Reached XP level 10. HP: 77/77 MP: 14/20
  7266 | D:8      | Reached skill level 5 in Short Blades
  7266 | D:8      | Reached skill level 5 in Axes
  7266 | D:8      | Reached skill level 5 in Maces & Flails
  7266 | D:8      | Reached skill level 5 in Polearms
  7266 | D:8      | Reached skill level 5 in Staves
  7266 | D:8      | Reached skill level 5 in Slings
  7266 | D:8      | Reached skill level 5 in Bows
  7266 | D:8      | Reached skill level 5 in Crossbows
  7266 | D:8      | Reached skill level 5 in Throwing
  7266 | D:8      | Reached skill level 5 in Stealth
  7266 | D:8      | Reached skill level 5 in Shields
  7266 | D:8      | Reached skill level 5 in Unarmed Combat
  7266 | D:8      | Reached skill level 5 in Evocations
  7306 | D:8      | Found a sacrificial altar of Ru.
  7314 | D:8      | Reached **** piety under Cheibriados
  7373 | D:8      | Found a shattered altar of Ashenzari.
  8033 | D:9      | Noticed a two-headed ogre
  8047 | D:9      | Killed a two-headed ogre
  8241 | D:9      | Found a sparkling altar of Nemelex Xobeh.
  8391 | D:9      | Reached XP level 11. HP: 84/84 MP: 19/22
  8396 | D:9      | Reached ***** piety under Cheibriados
  8495 | D:9      | Found Jisak's Gadget Shoppe.
  8531 | D:9      | Found an ornate altar of the Wu Jian Council.
  8863 | D:10     | Entered Level 10 of the Dungeon
  8948 | D:10     | Reached skill level 5 in Conjurations
  8948 | D:10     | Reached skill level 5 in Hexes
  8948 | D:10     | Reached skill level 5 in Summonings
  8948 | D:10     | Reached skill level 5 in Necromancy
  8948 | D:10     | Reached skill level 5 in Translocations
  8948 | D:10     | Reached skill level 5 in Transmutations
  8948 | D:10     | Reached skill level 5 in Fire Magic
  8948 | D:10     | Reached skill level 5 in Ice Magic
  8948 | D:10     | Reached skill level 5 in Air Magic
  8948 | D:10     | Reached skill level 5 in Earth Magic
  8948 | D:10     | Reached skill level 5 in Poison Magic
  9191 | D:10     | Noticed a death yak
  9194 | D:10     | Noticed a death yak
  9200 | D:10     | Killed a death yak
  9204 | D:10     | Noticed a death yak
  9214 | D:10     | Killed a death yak
  9221 | D:10     | Killed a death yak
  9364 | D:10     | Found a staircase to the Lair.
  9790 | D:10     | Got a brightly glowing shield
  9826 | Lair:1   | Entered Level 1 of the Lair of Beasts
 10697 | Lair:2   | Found a snail-covered altar of Cheibriados.
 10727 | Lair:2   | Reached XP level 12. HP: 47/92 MP: 24/24
 10968 | Lair:2   | Found a staircase to the Snake Pit.
 11569 | Lair:2   | Found a staircase to the Swamp.
 11830 | Lair:3   | Reached ****** piety under Cheibriados
 11887 | Lair:3   | Noticed a four-headed hydra
 11898 | Lair:3   | Killed a four-headed hydra
 11921 | Lair:3   | Got a smoking broad axe
 13067 | Lair:4   | Noticed Rupert
 13077 | Lair:4   | Killed Rupert
 13115 | Lair:4   | Noticed Sonja
 13122 | Lair:4   | Killed Sonja
 13508 | Lair:5   | Noticed a seven-headed hydra
 13516 | Lair:5   | Killed a seven-headed hydra
 13516 | Lair:5   | Reached XP level 13. HP: 75/100 MP: 15/26
 13554 | Lair:5   | Got a fine spear
 13908 | Lair:6   | Entered Level 6 of the Lair of Beasts
 14836 | Lair:6   | Reached skill level 10 in Spellcasting
 14937 | Lair:6   | Reached XP level 14. HP: 67/109 MP: 24/28
 14977 | Lair:6   | Found a staircase to the Slime Pits.
 14985 | Lair:6   | Found a viscous altar of Jiyva.
 15322 | D:5      | Bought a runed demon trident for 414 gold pieces
 15416 | Lair:2   | Identified the +0 shield of Cocytus {*Slow Str+3 Dex+2} (You found it on level 10 of the Dungeon)
 15539 | D:11     | Noticed Liquorice's ghost (journeyman VSNe)
 15551 | D:11     | Killed Liquorice's ghost
 15581 | D:11     | Found a staircase to the Orcish Mines.
 15648 | D:11     | Reached skill level 10 in Fighting
 15648 | D:11     | Reached skill level 10 in Long Blades
 15648 | D:11     | Reached skill level 10 in Dodging
 16243 | Orc:1    | Entered Level 1 of the Orcish Mines
 16279 | Orc:2    | Entered Level 2 of the Orcish Mines
 16344 | Orc:2    | Noticed an orc warlord
 16351 | Orc:2    | Gained mutation: You are clumsy. (Dex -2) [a neqoxec]
 16353 | Orc:2    | Gained mutation: Your body sometimes deteriorates upon taking damage. [a neqoxec]
 16375 | Orc:2    | Killed an orc warlord
 16446 | Orc:2    | Found a staircase to the Elven Halls.
 16466 | Orc:2    | Noticed a stone giant
 16486 | Orc:2    | Killed a stone giant
 16513 | Orc:2    | Found Nuwud's Jewellery Shop.
 16513 | Orc:2    | Found Kenep's Antique Armour Shoppe.
 16513 | Orc:2    | Found Gashod's Weapon Emporium.
 16513 | Orc:2    | Found Qothroeke's Armour Shop.
 16527 | Orc:2    | Reached skill level 10 in Invocations
 16600 | Orc:2    | Reached XP level 15. HP: 105/117 MP: 29/29
 16694 | Orc:2    | Bought a glowing cloak for 202 gold pieces
 16706 | Orc:2    | Bought an uncursed ring of poison resistance for 260 gold pieces
 16996 | Elf:1    | Entered Level 1 of the Elven Halls
 17009 | Elf:1    | Reached skill level 10 in Armour
 17315 | Elf:1    | Found Ceorr's Armour Emporium.
 17481 | Elf:1    | Reached skill level 10 in Charms
 17769 | Elf:1    | Noticed a deep elf elementalist
 17775 | Elf:1    | Killed a deep elf elementalist
 17775 | Elf:1    | Reached skill level 10 in Short Blades
 17775 | Elf:1    | Reached skill level 10 in Axes
 17775 | Elf:1    | Reached skill level 10 in Maces & Flails
 17775 | Elf:1    | Reached skill level 10 in Polearms
 17775 | Elf:1    | Reached skill level 10 in Staves
 17775 | Elf:1    | Reached skill level 10 in Slings
 17775 | Elf:1    | Reached skill level 10 in Bows
 17775 | Elf:1    | Reached skill level 10 in Crossbows
 17775 | Elf:1    | Reached skill level 10 in Throwing
 17775 | Elf:1    | Reached skill level 10 in Stealth
 17775 | Elf:1    | Reached skill level 10 in Shields
 17775 | Elf:1    | Reached skill level 10 in Unarmed Combat
 17775 | Elf:1    | Reached skill level 10 in Evocations
 19800 | D:13     | Learned a level 6 spell: Deflect Missiles
 19806 | D:13     | Learned a level 5 spell: Silence
 19813 | D:13     | Learned a level 6 spell: Conjure Ball Lightning
 19924 | D:13     | Reached XP level 16. HP: 64/125 MP: 28/31
 20238 | D:13     | Noticed a storm dragon
 20238 | D:13     | a catoblepas changed into a storm dragon
 20245 | D:13     | Killed a storm dragon
 20561 | D:13     | Found Boithoi's Distillery.
 21163 | D:14     | Found a gate to the Vaults.
 21429 | D:15     | Entered Level 15 of the Dungeon
 21560 | D:15     | Paralysed by a wizard for 4 turns
 21758 | D:15     | Found Ruxye's Gadget Emporium.
 22299 | D:15     | Found a staircase to the Depths.
 22591 | Snake:1  | Entered Level 1 of the Snake Pit
 22805 | Snake:1  | Reached XP level 17. HP: 133/133 MP: 30/33
 23141 | Snake:1  | Found Laurphir's Gadget Boutique.
 23142 | Snake:1  | Found Abloroock's Jewellery Shoppe.
 23143 | Snake:1  | Found Saiddipi's Gadget Boutique.
 23152 | Snake:1  | Bought an uncursed ring of see invisible for 255 gold pieces
 23451 | Snake:2  | Found Xoqous's Distillery.
 23461 | Snake:2  | Bought 2 potions of curing for 66 gold pieces
 23461 | Snake:2  | Bought a potion of heal wounds for 55 gold pieces
 23605 | Snake:2  | Learned a level 6 spell: Shadow Creatures
 23719 | Snake:2  | Noticed Aizul
 23730 | Snake:2  | Killed Aizul
 23986 | Snake:3  | Noticed Saint Roka
 24012 | Snake:3  | Killed Saint Roka
 24600 | Snake:4  | Entered Level 4 of the Snake Pit
 24947 | Snake:4  | Reached skill level 10 in Conjurations
 24947 | Snake:4  | Reached skill level 10 in Hexes
 24947 | Snake:4  | Reached skill level 10 in Summonings
 24947 | Snake:4  | Reached skill level 10 in Necromancy
 24947 | Snake:4  | Reached skill level 10 in Translocations
 24947 | Snake:4  | Reached skill level 10 in Transmutations
 24947 | Snake:4  | Reached skill level 10 in Fire Magic
 24947 | Snake:4  | Reached skill level 10 in Ice Magic
 24947 | Snake:4  | Reached skill level 10 in Air Magic
 24947 | Snake:4  | Reached skill level 10 in Earth Magic
 24947 | Snake:4  | Reached skill level 10 in Poison Magic
 25077 | Snake:4  | Reached XP level 18. HP: 134/141 MP: 32/34
 25302 | Snake:4  | Noticed Asterion
 25318 | Snake:4  | Killed Asterion
 26046 | Snake:4  | Got a serpentine rune of Zot
 26192 | Lair:2   | Identified a scroll of acquirement
 26193 | Lair:2   | Found the +3 warlock's mirror {reflect}
 26282 | Swamp:1  | Entered Level 1 of the Swamp
 26286 | Swamp:1  | Noticed Kirke
 26301 | Swamp:1  | Killed Kirke
 26430 | Swamp:1  | Noticed Louise
 26433 | Swamp:1  | Banished Louise
 26495 | Swamp:1  | Noticed Donald
 26515 | Swamp:1  | Killed Donald
 27561 | Swamp:2  | Found a bloodstained altar of Trog.
 27658 | Swamp:2  | Reached XP level 19. HP: 149/149 MP: 36/36
 29003 | Swamp:4  | Entered Level 4 of the Swamp
 29169 | Swamp:4  | Got a decaying rune of Zot
 29324 | Swamp:4  | Noticed Mara
 29326 | Swamp:4  | Noticed Bai Suzhen
 29335 | Swamp:4  | Noticed RedPan's illusion
 29342 | Swamp:4  | Killed Mara
 29362 | Swamp:4  | Killed Bai Suzhen
 30114 | Snake:1  | Bought an uncursed ring of protection from cold for 425 gold pieces
 30352 | Elf:2    | Found a runed gate.
 30352 | Elf:2    | Found a runed gate.
 30352 | Elf:2    | Found a runed gate.
 31448 | Elf:2    | Reached XP level 20. HP: 157/157 MP: 37/37
 31645 | Elf:3    | Entered Level 3 of the Elven Halls
 32927 | Elf:3    | Got a fine war axe {chop}
 32928 | Elf:3    | Identified the cursed +1 war axe "Hydrabane" {chop, *Drain rPois MP+9 Dex+2} (You took it off a deep elf high priest on level 3 of the Elven Halls)
 33094 | Elf:3    | Got a crude scale mail
 33097 | Elf:3    | Identified the +6 scale mail "Joninas" {Str+4} (You took it off a deep elf master archer on level 3 of the Elven Halls)
 33574 | Elf:3    | Got a brightly glowing great sword {slice}
 33575 | Elf:3    | Identified the +3 great sword of the Living Dead {slice, rC- MR+ Int+3} (You took it off a deep elf death mage on level 3 of the Elven Halls)
 33578 | Elf:3    | Got a shadowed robe
 33579 | Elf:3    | Identified the +2 robe of Beogh's Esteem {rPois} (You took it off a deep elf demonologist on level 3 of the Elven Halls)
 33635 | Elf:3    | Got a blackened halberd {freeze}
 33635 | Elf:3    | Got a twisted plate armour
 33636 | Elf:3    | Identified the +5 halberd of Articulation {freeze, rC- MR+ Str+7} (You found it on level 3 of the Elven Halls)
 33637 | Elf:3    | Identified the +10 plate armour of Autumn {Int+7 Stlth+} (You found it on level 3 of the Elven Halls)
 33757 | Elf:3    | Identified the Compendium of the Mountains
 33791 | Elf:3    | Found the +4 Vampire's Tooth {vamp}
 34403 | Depths:1 | Entered Level 1 of the Depths
 34529 | Depths:1 | Found a gateway to Hell.
 34721 | Depths:1 | Found a one-way gate leading to the halls of Pandemonium.
 35029 | Depths:1 | Found a one-way gate to the infinite horrors of the Abyss.
 35183 | Depths:1 | Reached XP level 21. HP: 165/165 MP: 39/39
 35433 | Depths:2 | Noticed Nikola
 35446 | Depths:2 | Killed Nikola
 35569 | Depths:2 | Noticed a caustic shrike
 35578 | Depths:2 | Killed a caustic shrike
 35799 | Depths:2 | Noticed a golden dragon
 35809 | Depths:2 | Killed a golden dragon
 35946 | Depths:2 | Identified Myub's Grimoire of Somewhere Else
 36720 | Vaults:1 | Entered Level 1 of the Vaults
 36780 | Vaults:1 | Reached skill level 15 in Invocations
 37606 | Vaults:1 | Got a shimmering ruby amulet
 37902 | Vaults:1 | Reached XP level 22. HP: 173/173 MP: 40/40
 38321 | Vaults:2 | Found a staircase to the Crypt.
 38746 | Vaults:2 | Reached skill level 15 in Spellcasting
 39341 | Vaults:2 | Reached skill level 15 in Fighting
 39341 | Vaults:2 | Reached skill level 15 in Long Blades
 39341 | Vaults:2 | Reached skill level 15 in Dodging
 40472 | Vaults:4 | Found Kiaph's Assorted Antiques.
 40517 | Vaults:4 | Noticed Jorgrun
 40544 | Vaults:4 | Killed Jorgrun
 40627 | Vaults:4 | Noticed Sojobo
 40638 | Vaults:4 | Killed Sojobo
 40644 | Vaults:4 | Noticed Frederick
 40657 | Vaults:4 | HP: 1/175 [spellforged servitor/iron shot[Frederick] (78)]
 40659 | Vaults:4 | Killed from afar by a spellforged servitor

Vault maps used:
D:1:      dpeg_arrival_yet_another_circle
D:2:      minitemple, minmay_item_behind_shaft
D:3:      chequers_ecumenical_altar_simple_redux, serial_bayou,
          serial_bayou_shore_a, serial_bayou_crossing, serial_bayou_ford_a,
          serial_bayou_pond_d, roderic_cross_of_infinity, uniq_jessica,
          uniq_terence
D:4:      zin_statuary, minmay_temple_entry_junction, serial_shops, shop, shop,
          nicolae_shop_temple_entry_statues_fountains, bh_walls_and_bars,
          uniq_menkaure, uniq_grinder
D:5:      fedhas_altar_4, serial_shops, shop, first_ration
D:7:      lemuel_coloured_pillars_altar, doesnt_xom_only_xom, uniq_joseph
D:8:      ashenzari_altar_1, hangedman_decor_lopped, the_bakery,
          grunt_decor_arrowhead, nicolae_ru_great_annihilating_truth
D:9:      lemuel_doored_altar, nicolae_overflow_crystal_walls, serial_shops,
          kennysheep_mini_moat, solitary_fountain, kennysheep_boxes
D:10:     dpeg_lair_monsters
D:11:     david_orc_3
D:13:     serial_shops, kennysheep_mini, serial_ice, serial_ice_n, serial_ice_k,
          serial_ice_g, serial_ice_e, serial_ice_d, kb_tengu_band
D:14:     david_vaults_2, minmay_tree_intersection
D:15:     grunt_enter_depths_magical_seal, abandoned_shop, serial_shops,
          nicolae_shop_competitors_out_of_business
Temple:   dpeg_chambers_temple
Lair:1:   portal_ice_cave_entry_imps, enter_volcano_4
Lair:2:   nicolae_swamp_entry_splash_gauntlet, dummy_snake_entry, basic_altar
Lair:3:   grunt_megastairs_5
Lair:4:   uniq_rupert, uniq_sonja
Lair:5:   forest_entry_grove
Lair:6:   minmay_lair_end_enchanted_forest, slime_altar_1,
          grunt_forest_stairs_basic
Swamp:1:  evilmike_swamp_ruin_rubble_1, nicolae_swamp_feature_on_the_river_bank,
          uniq_kirke, uniq_donald, uniq_louise
Swamp:2:  basic_altar, hangedman_swamp_dais
Swamp:3:  evilmike_swamp_ruin_house_4
Swamp:4:  swamp_fiery, infiniplex_staircase_pool, uniq_mara, uniq_bai_suzhen
Snake:1:  lemuel_fruit_tree, minmay_shop_grove
Snake:2:  st_stairs_14, minmay_shop_star, uniq_aizul
Snake:3:  guppyfry_snake_island, uniq_saint_roka
Snake:4:  johnstein_snake_rune_scales, st_stairs_8, grunt_ministairs_7,
          uniq_asterion
Orc:1:    basic_altar
Orc:2:    st_orc_ogre_mass
Elf:1:    eino_elf_arrival_shootout, infiniplex_enter_wizlab_glasses,
          serial_shops, shop, hangedman_elf_disciples
Elf:3:    elf_hall
Vaults:1: v_misc_1, ontoclasm_vaults_decontamination, v_misc_10,
          vaults_room_semicircle, v_misc_31, v_misc_11, grunt_vaults_focal,
          v_alt_pattern_4, v_misc_11, nicolae_vaults_network_square,
          vaults_room_ringed_pool, vaults_dpeg_ring, vaults_room_pool,
          nicolae_vaults_angled_halls
Vaults:2: hangedman_vaults_pinch, v_misc_22, v_alt_pattern_3,
          vaults_mumra_hexcomb, v_alt_pattern_2, v_misc_14,
          blue_anna_dwarven_crypt, hangedman_vaults_impose,
          hangedman_vaults_capsules, nicolae_vaults_what_the_h
Vaults:3: ontoclasm_vaults_gallery, hangedman_vaults_river_flow,
          vaults_mumra_minichess_inversion, hangedman_vaults_slice,
          vaults_room_fours, v_misc_29, nicolae_vaults_specimen_jars,
          hangedman_vaults_variations
Vaults:4: v_alt_pattern_6, ontoclasm_vaults_pinch,
          nicolae_vaults_twisting_passages, ontoclasm_vaults_shuriken,
          v_misc_27, vaults_room_grunt_arrival_ludios, ontoclasm_vaults_gateway,
          nicolae_vaults_mini_display_case, ontoclasm_vaults_loading_screen,
          serial_shops, shop, uniq_jorgrun, uniq_sojobo, uniq_frederick
Depths:1: minmay_misc_feat_rows, grunt_hell_entry_demonic_statue, pan_entry,
          abyss_entry, kennysheep_generic_room_9
Depths:2: minmay_strange_plus, pf_hell_entry_tar_spiral, minmay_misc_feat_tiny,
          uniq_nikola

Skill      XL: |  1  2  3  4  5  6  7  8  9 10 11 12 13 14 15 16 17 18 19 20 21 22 |
---------------+-------------------------------------------------------------------+-----
Spellcasting   | 5 6 7 8 9 10 11 12 13 14 15 | 15.3
Invocations    | 1 2 3 4 5 6 7 8 9 10 11 12 13 14 15 | 15.8
Short Blades   | 1 2 3 4 5 6 7 8 9 10 11 12 13 14 | 14.6
Axes           | 1 2 3 4 5 6 7 8 9 10 11 12 13 14 | 14.6
Maces & Flails | 1 2 3 4 5 6 7 8 9 10 11 12 13 14 | 14.6
Polearms       | 1 2 3 4 5 6 7 8 9 10 11 12 13 14 | 14.6
Staves         | 1 2 3 4 5 6 7 8 9 10 11 12 13 14 | 14.6
Slings         | 1 2 3 4 5 6 7 8 9 10 11 12 13 14 | 14.6
Bows           | 1 2 3 4 5 6 7 8 9 10 11 12 13 14 | 14.6
Crossbows      | 1 2 3 4 5 6 7 8 9 10 11 12 13 14 | 14.6
Throwing       | 1 2 3 4 5 6 7 8 9 10 11 12 13 14 | 14.6
Stealth        | 1 2 3 4 5 6 7 8 9 10 11 12 13 14 | 14.6
Shields        | 1 2 3 4 5 6 7 8 9 10 11 12 13 14 | 14.6
Unarmed Combat | 1 2 3 4 5 6 7 8 9 10 11 12 13 14 | 14.6
Evocations     | 1 2 3 4 5 6 7 8 9 10 11 12 13 14 | 14.6
Conjurations   | 1 2 3 4 5 6 7 8 9 10 11 12 | 12.6
Hexes          | 1 2 3 4 5 6 7 8 9 10 11 12 | 12.6
Summonings     | 1 2 3 4 5 6 7 8 9 10 11 12 | 12.6
Necromancy     | 1 2 3 4 5 6 7 8 9 10 11 12 | 12.6
Translocations | 1 2 3 4 5 6 7 8 9 10 11 12 | 12.6
Transmutations | 1 2 3 4 5 6 7 8 9 10 11 12 | 12.6
Fire Magic     | 1 2 3 4 5 6 7 8 9 10 11 12 | 12.6
Ice Magic      | 1 2 3 4 5 6 7 8 9 10 11 12 | 12.6
Air Magic      | 1 2 3 4 5 6 7 8 9 10 11 12 | 12.6
Earth Magic    | 1 2 3 4 5 6 7 8 9 10 11 12 | 12.6
Poison Magic   | 1 2 3 4 5 6 7 8 9 10 11 12 | 12.6
Armour         | 3 4 5 6 7 8 9 10 11 12 13 14 | 14.8
Fighting       | 5 6 7 8 9 10 11 12 13 14 15 | 15.2
Long Blades    | 5 6 7 8 9 10 11 12 13 14 15 | 15.2
Dodging        | 5 6 7 8 9 10 11 12 13 14 15 | 15.2
Charms         | 6 7 8 9 10 11 12 13 | 13.5

Action                   |  1- 3 |  4- 6 |  7- 9 | 10-12 | 13-15 | 16-18 | 19-21 | 22-24 || total
-------------------------+-------+-------+-------+-------+-------+-------+-------+-------++-------
Melee: Falchion          |    70 |   199 |   150 |       |       |       |       |       ||   419
       Bite              |     6 |    25 |    47 |    73 |   203 |   276 |   285 |   116 ||  1031
       Punch             |       |       |     2 |       |       |       |       |       ||     2
       Great mace        |       |       |   126 |   358 |   271 |       |       |       ||   755
       Demon trident     |       |       |       |       |   715 |  1511 |  1507 |   584 ||  4317
 Cast: Infusion          |     2 |     6 |       |     1 |       |       |     1 |       ||    10
       Shroud of Golubri |     1 |    11 |     4 |     7 |     1 |     1 |     2 |       ||    27
       Spectral Weapon   |       |     5 |    29 |    65 |    67 |    79 |    93 |    25 ||   363
       Regeneration      |       |       |     9 |    15 |    24 |    31 |    30 |     4 ||   113
       Conjure Ball Ligh |       |       |       |       |     2 |     1 |       |       ||     3
       Deflect Missiles  |       |       |       |       |     1 |     4 |     5 |       ||    10
       Shadow Creatures  |       |       |       |       |       |    27 |   115 |    32 ||   174
       Silence           |       |       |       |       |       |     2 |     3 |       ||     5
Invok: Bend Time         |       |       |     1 |     8 |     6 |       |     1 |       ||    16
       Temporal Distorti |       |       |       |     2 |       |       |       |       ||     2
       Slouch            |       |       |       |       |     2 |       |    11 |     1 ||    14
Evoke: Wand              |       |       |       |     7 |       |     1 |     2 |       ||    10
       Fan of gales      |       |       |       |     1 |       |       |       |       ||     1
       Phantom mirror    |       |       |       |       |     1 |       |       |       ||     1
  Use: Potion            |       |     1 |     1 |       |     3 |       |    11 |     2 ||    18
       Scroll            |       |     8 |     5 |    16 |    10 |     6 |    26 |     3 ||    74
 Stab: Sleeping          |     1 |     2 |     1 |     9 |     9 |    24 |     8 |    10 ||    64
       Distracted        |       |       |     1 |    10 |    11 |    39 |    48 |    16 ||   125
       Paralysed         |       |       |       |     1 |       |       |     3 |     1 ||     5
       Invisible         |       |       |       |       |       |       |     4 |       ||     4
  Eat: Chunk             |     1 |     8 |     8 |     7 |     5 |    15 |     5 |     7 ||    56
       Ration            |       |       |     2 |     2 |     5 |     2 |     7 |       ||    18
Armor: Leather armour    |    16 |    25 |       |       |       |       |       |       ||    41
       Skin              |       |     3 |       |       |       |       |       |       ||     3
       Scale mail        |       |    28 |   157 |   104 |   224 |   225 |   100 |       ||   838
       Fire dragon scale |       |       |       |       |       |       |    78 |       ||    78
       Plate armour      |       |       |       |       |       |       |   115 |   119 ||   234
Dodge: Dodged            |    44 |   139 |   348 |   425 |  1035 |   934 |   751 |   193 ||  3869
       Deflected         |       |       |       |       |     2 |    46 |    50 |    33 ||   131
Block: Buckler           |       |       |       |       |   320 |   538 |   572 |   211 ||  1641
       Reflection        |       |       |       |       |       |     3 |    91 |    39 ||   133
       Rpst.: Falchion   |    11 |    31 |    24 |       |       |       |       |       ||    66

Table legend:
 A = Spawn XP
 B = Non-spawn XP
 C = Spawn XP percentage of total XP
 D = Spawn monster count
 E = Non-spawn monster count
 F = Spawn count percentage of total count
 G = Total turns spent on level
                    A         B        C        D         E        F      G
               +---------+---------+-------+---------+---------+-------+---------
         Total |       0 |  702731 |   0.0 |       0 |    1645 |   0.0 | 40659
               +---------+---------+-------+---------+---------+-------+---------
           D:1 |       0 |      42 |   0.0 |       0 |      23 |   0.0 |   584
           D:2 |       0 |     131 |   0.0 |       0 |      17 |   0.0 |  1382
           D:3 |       0 |     218 |   0.0 |       0 |      34 |   0.0 |  1271
           D:4 |       0 |     608 |   0.0 |       0 |      17 |   0.0 |  1225
           D:5 |       0 |     517 |   0.0 |       0 |      20 |   0.0 |   623
           D:6 |       0 |     261 |   0.0 |       0 |       9 |   0.0 |   662
           D:7 |       0 |    2036 |   0.0 |       0 |      30 |   0.0 |  1104
           D:8 |       0 |    2587 |   0.0 |       0 |      45 |   0.0 |   942
           D:9 |       0 |    3723 |   0.0 |       0 |      38 |   0.0 |  1038
          D:10 |       0 |    5901 |   0.0 |       0 |      25 |   0.0 |  1027
          D:11 |       0 |    6186 |   0.0 |       0 |      56 |   0.0 |   824
          D:12 |       0 |    2904 |   0.0 |       0 |      19 |   0.0 |   892
          D:13 |       0 |   10751 |   0.0 |       0 |      47 |   0.0 |  1133
          D:14 |       0 |   11448 |   0.0 |       0 |      31 |   0.0 |   713
          D:15 |       0 |   23973 |   0.0 |       0 |      59 |   0.0 |  1037
        Lair:1 |       0 |    1469 |   0.0 |       0 |      22 |   0.0 |   869
        Lair:2 |       0 |    3593 |   0.0 |       0 |      18 |   0.0 |  1611
        Lair:3 |       0 |    4151 |   0.0 |       0 |      15 |   0.0 |   788
        Lair:4 |       0 |    6844 |   0.0 |       0 |      15 |   0.0 |   930
        Lair:5 |       0 |    6075 |   0.0 |       0 |      23 |   0.0 |   432
        Lair:6 |       0 |   18041 |   0.0 |       0 |      81 |   0.0 |  1263
       Swamp:1 |       0 |   15761 |   0.0 |       0 |      28 |   0.0 |   911
       Swamp:2 |       0 |   12873 |   0.0 |       0 |      34 |   0.0 |   900
       Swamp:3 |       0 |   12025 |   0.0 |       0 |      36 |   0.0 |   977
       Swamp:4 |       0 |   34909 |   0.0 |       0 |      61 |   0.0 |   907
       Snake:1 |       0 |   17274 |   0.0 |       0 |      37 |   0.0 |   867
       Snake:2 |       0 |   10748 |   0.0 |       0 |      15 |   0.0 |   511
       Snake:3 |       0 |   29805 |   0.0 |       0 |      58 |   0.0 |   739
       Snake:4 |       0 |   64424 |   0.0 |       0 |     116 |   0.0 |  1501
         Orc:2 |       0 |   27338 |   0.0 |       0 |      85 |   0.0 |   944
         Elf:1 |       0 |   27010 |   0.0 |       0 |      48 |   0.0 |  1635
         Elf:2 |       0 |   38141 |   0.0 |       0 |      57 |   0.0 |  1483
         Elf:3 |       0 |   52202 |   0.0 |       0 |      56 |   0.0 |  2438
      Vaults:1 |       0 |   55904 |   0.0 |       0 |      89 |   0.0 |  1550
      Vaults:2 |       0 |   47310 |   0.0 |       0 |      75 |   0.0 |  1179
      Vaults:3 |       0 |   24158 |   0.0 |       0 |      45 |   0.0 |   881
      Vaults:4 |       0 |   26359 |   0.0 |       0 |      29 |   0.0 |   324
      Depths:1 |       0 |   43174 |   0.0 |       0 |      89 |   0.0 |   923
      Depths:2 |       0 |   51857 |   0.0 |       0 |      43 |   0.0 |  1340
               +---------+---------+-------+---------+---------+-------+---------
